 Dungeon Crawl Stone Soup version 0.29.1-2-gbd0b4ee654 (webtiles) character file.

Game seed: 1548890636277000648

63 Tirrikindir the Shield-Bearer (level 4, -3/31 HPs)
             Began as an Octopode Fighter on Oct 29, 2022.
             Was a Follower of Vehumet.
             Slain by an orc wizard
             ... wielding a +0 short sword
              (4 damage)
             ... on level 2 of the Dungeon.
             The game lasted 00:03:58 (1198 turns).

Tirrikindir the Shield-Bearer (Octopode Fighter)    Turns: 1198, Time: 00:03:59

Health: -3/31      AC:  5    Str: 15    XL:     4   Next: 10%
Magic:  4/4        EV: 13    Int: 10    God:    Vehumet [*.....]
Gold:   37         SH:  6    Dex: 13    Spells: 3/3 levels left

rFire   . . .      SeeInvis .   a - +0 long sword
rCold   . . .      Faith    .   b - +1 buckler
rNeg    . . .      Spirit   .   (helmet restricted)
rPois   .          Reflect  .   (no amulet)
rElec   .          Harm     .   f - +4 ring of protection
rCorr   .          Rampage  .   (no ring)
Will    .....                   (no ring)
Stlth   ++++......              (no ring)
HPRegen 0.10/turn               (no ring)
MPRegen 0.09/turn               (no ring)
                                (no ring)
                                (no ring)

@: no status effects
A: almost no armour, amphibious, 8 rings, camouflage 1, gelatinous body 1,
nimble swimmer 1, tentacles
a: Renounce Religion


You were on level 2 of the Dungeon.
You worshipped Vehumet.
Vehumet was aware of your devotion.
You visited 1 branch of the dungeon, and saw 2 of its levels.

You collected 37 gold pieces.

Inventory:

Hand Weapons
 a - a +0 long sword (weapon)
 g - a +0 rapier
Armour
 b - a +1 buckler (worn)
Jewellery
 f - a +4 ring of protection (left tentacle)
Scrolls
 j - 2 scrolls of amnesia {unknown}
Potions
 c - a potion of might
 d - 4 potions of haste
 e - a potion of brilliance {unknown}
 h - 2 potions of mutation {unknown}
 i - a potion of degeneration {unknown}


   Skills:
 + Level 3.3 Fighting
 - Level 2.6 Long Blades
 + Level 3.3 Dodging
 + Level 1.9 Stealth
 + Level 3.4 Shields
 + Level 0.4 Spellcasting


You had 3 spell levels left.
You didn't know any spells.
Your spell library was empty.

Dungeon Overview and Level Annotations

Branches:
Dungeon (2/15)

Altars:
Vehumet


Innate Abilities, Weirdness & Mutations

You cannot wear most types of armour.
You are amphibious.
You can wear up to eight rings at the same time.
Your skin changes colour to match your surroundings (Stealth+).
Your rubbery body absorbs attacks. (AC +1, EV +1)
You are camouflaged when in or above water. (Stealth+)
You have tentacles for arms and can constrict up to eight enemies at once.


Message History

The orc wizard mumbles some strange words.
The orc wizard flickers and vanishes!
Deactivating autopickup; reactivate with Ctrl-A.
You release your grip on the orc priest.
The orc priest mumbles some strange prayers to Beogh against you.
Pain shoots through your body!
* * * LOW HITPOINT WARNING * * *
The orc closely misses you. Something hits you but does no damage.
You closely miss the orc priest. You grab the orc priest.
You squeeze the orc priest, but do no damage.
The orc priest is moderately wounded.
You constrict the orc priest.
The orc priest splashes around in the water.
Something hits you but does no damage. The orc closely misses you.
The orc priest mumbles some strange prayers to Beogh against you.
Pain shoots through your body!
* * * LOW HITPOINT WARNING * * *
You hit the orc priest. You squeeze the orc priest.
You kill the orc priest!
Vehumet accepts your kill.
You hear a splash. x2
Something hits you but does no damage. The orc closely misses you.
The orc hits you but does no damage. Something hits you but does no damage.
You have reached level 4!
You hit the orc. Your grab misses the orc.
The orc is moderately wounded.
Something hits you.
* * * LOW HITPOINT WARNING * * *
The orc splashes around in the water.
You hit the orc but do no damage. You grab the orc.
The orc is moderately wounded.
You constrict the orc. The orc hits you but does no damage. Something hits you.
* * * LOW HITPOINT WARNING * * *
You slash the orc!
You kill the orc!
Vehumet accepts your kill.
You hear a splash. x5
Something hits you but does no damage.
You slash something! You squeeze something. Something hits you.
You die...

#..~.~..~# #.#.~##~.#
# #.~.#~8#~#
#..##~#.~~~#
.#.##.~~.##.## #
...~~.~.~#~~.###.#####
..+~..~.~........($..#
+..)._#~..###.####.#
+~{@)~#..## #.# ##.#
#~....#..# #.# #...
.~~~~~~~##.####.# #..#
.....##~~..#...##.#
#..# ####~
~.#~8#~..##.###..# #
##.####~.......)...
#.~~.~~########.##
###.#### #)# #.# #.#


There were no monsters in sight!

Vanquished Creatures
  An orc priest (D:2)
  2 dart slugs
  An orc (D:2)
  2 endoplasms (D:1)
  A giant cockroach (D:1)
  6 goblins
  2 hobgoblins (D:1)
  3 jackals (D:1)
  2 ball pythons (D:1)
  2 frilled lizards (D:1)
  2 kobolds (D:2)
  6 rats
30 creatures vanquished.

Notes
Turn   | Place    | Note
-------+----------+-------------------------------------------
     0 | D:1      | Tirrikindir the Octopode Fighter began the quest for the
                  | Orb.
     0 | D:1      | Reached XP level 1. HP: 16/16 MP: 1/1
   253 | D:1      | Reached XP level 2. HP: 15/21 MP: 2/2
   574 | D:1      | Reached skill level 1 in Stealth
   921 | D:2      | Reached XP level 3. HP: 26/26 MP: 3/3
  1165 | D:2      | Found a faded altar of an unknown god.
  1186 | D:2      | Prayed at the altar of an unknown god.
  1186 | D:2      | Became a worshipper of Vehumet
  1186 | D:2      | Reached * piety under Vehumet
  1186 | D:2      | Offered knowledge of Foxfire by Vehumet.
  1195 | D:2      | Reached XP level 4. HP: 6/31 MP: 4/4
  1196 | D:2      | HP: 1/31 [something (2)]
  1198 | D:2      | Slain by an orc wizard

Illustrated notes

Levels and vault maps discovered:
D:1:      lemuel_arrival_room, layout_loops_ring, minmay_indecisive_spiral
D:2:      cheibrodos_pilgrimage, layout_loops_ring,
          dreamdust_ecumenical_altar_drowned_temple

Skill      XL: |  1  2 |
---------------+-------+-----
Stealth        | 1 |  1.9
Fighting       | |  3.3
Long Blades    | |  2.6
Dodging        | |  3.3
Shields        | |  3.4
Spellcasting   | |  0.4

Action                   |  1- 3 |  4- 6 || total
-------------------------+-------+-------++-------
Melee: Long sword        |    42 |     4 ||    46
       Constrict         |    14 |     1 ||    15
       Tentacles         |    11 |     1 ||    12
       Punch             |     1 |       ||     1
  Use: Scroll            |     4 |       ||     4
 Stab: Sleeping          |     5 |       ||     5
Armor: Skin              |     8 |     2 ||    10
Dodge: Dodged            |    25 |       ||    25
Block: Buckler           |     5 |       ||     5
